 Dungeon Crawl Stone Soup version 0.28.0-53-g5a82cb258f (webtiles) character file.

Game seed: 13995013443027371256

1895 Duralumin the Covert (level 8, -4/58 HPs)
             Began as a Spriggan Cinder Acolyte on June 17, 2022.
             Was an Initiate of Gozag.
             Slain by a fire elemental (10 damage)
             ... created by the fiery vengeance of Ignis
             ... on level 11 of the Dungeon.
             The game lasted 00:40:11 (8536 turns).

Duralumin the Covert (Spriggan Cinder Acolyte)      Turns: 8536, Time: 00:40:13

Health: -4/58      AC: 24    Str: 12    XL:     8   Next: 93%
Magic:  13/13      EV:  4    Int: 18    God:    Gozag
Gold:   214        SH:  0    Dex: 10    Spells: 11/13 levels left

rFire   . . .      SeeInvis +   a - -1 short sword (flame)
rCold   . . .      Faith    .   (no shield)
rNeg    . . .      Spirit   .   (armour currently unavailable)
rPois   +          Reflect  .   (helmet currently unavailable)
rElec   .          Harm     .   (cloak currently unavailable)
rCorr   +          Rampage  .   (gloves unavailable)
Will    ++...      NoTele   +   (boots unavailable)
Stlth   ++........              (no amulet)
HPRegen 0.19/turn               g - ring of willpower
MPRegen 0.13/turn               l - ring of resist corrosion

@: confused, tree-form, ambrosia-drunk, fire susceptible
A: stationary, stasis, torment immunity, boosted hp, very small, no large
weapons, unfitting armour, see invisible, (speed 3), (hooves 1), (iridescent
scales 1), strong 1
a: Renounce Religion, Potion Petition, Call Merchant, Bribe Branch


You were on level 11 of the Dungeon.
You worshipped Gozag.
Gozag was aware of your devotion.
You were a tree.
You visited 2 branches of the dungeon, and saw 10 of its levels.
You also visited: Sewer.

You collected 306 gold pieces.
You paid 92 gold pieces to Gozag.

Inventory:

Hand Weapons
 a - a -1 short sword of flaming (weapon)
 w - a +0 hunting sling
 z - a +0 dagger
 C - a +0 short sword of venom
Missiles
 i - 47 sling bullets
 j - 6 boomerangs (quivered)
 m - 16 poisoned darts
 B - a curare-tipped dart
Armour
 b - a +1 robe (melded)
Magical Staves
 u - a staff of air
Jewellery
 g - a ring of willpower (left branch)
 l - a ring of resist corrosion (right branch)
Wands
 A - a wand of acid (14)
Scrolls
 h - 2 scrolls of vulnerability
 n - a scroll of fog
 s - a scroll of magic mapping
Potions
 c - a potion of haste
 d - 2 potions of brilliance
 e - a potion of attraction
 f - 2 potions of lignification
 p - 2 potions of curing
 t - a potion of heal wounds {unknown}
 v - a potion of resistance {unknown}


   Skills:
 - Level 2.4 Fighting
 - Level 8.1 Short Blades
 - Level 4.0 Throwing
 + Level 11.0 Stealth
 + Level 3.2 Spellcasting
 + Level 2.7 Hexes
 - Level 2.4 Fire Magic
 + Level 1.7 Ice Magic


You had 11 spell levels left.
You knew the following spells:

 Your Spells              Type           Power      Damage    Failure   Level
a - Ensorcelled Hibernat  Hex/Ice        22%        N/A       10%         2

Your spell library contained the following spells:

 Spells                   Type           Power      Damage    Failure   Level
 Scorch                   Fire           22%        2d6       9%          2
 Pain                     Necr           8%         1d4       16%         1
 Passwall                 Tmut/Erth      1%         N/A       24%         2
 Swiftness                Air            2%         N/A       43%         3
 Agony                    Necr           2%         N/A       99%         5
 Excruciating Wounds      Necr           1%         N/A       99%         5


Dungeon Overview and Level Annotations

Branches:
Dungeon (7/15)             Temple (1/1) D:5           Sewer (visited)

Altars:
Cheibriados
Gozag
Sif Muna
Trog
Wu Jian
Yredelemnul
The Shining One

Shops:
D:4 :

Annotations:
D:4 3 runed translucent doors, cccccccc's ghost, amateur OpTm


Innate Abilities, Weirdness & Mutations

You are a tree.
Your roots penetrate the ground, keeping you stationary.
You cannot be teleported.
You are immune to unholy pain and torment.
Your maximum health is greatly increased.
Your equipment is partially melded.
You are very small and have problems with some larger weapons.
You are too small for most types of armour.
You have supernaturally acute eyesight. (SInv)
((You cover ground extremely quickly. (Speed+++)))
((You have large cloven feet.))
((You are partially covered in iridescent scales. (AC +2)))
Your muscles are strong. (Str +2)


Message History

The fire elemental is lightly damaged.
Okay, then.
Unknown command.
Unknown command.
Okay, then.
Unknown command.
Casting: Ensorcelled Hibernation (safe; 10% risk of failure)
Confirm with . or Enter, or press ? or * to list all spells.
You can't see any susceptible monsters within range! (Use Z to cast anyway.)
As you read the scroll labelled WEWUF ZUROAROOG, it crumbles to dust.
You feel strangely unstable.
It was a scroll of teleportation.
The fire elemental closely misses you. The fire elemental barely misses you.
You hit the fire elemental but do no damage.
The fire elemental is lightly damaged.
The fire elemental hits you. The fire elemental burns you!
The fire elemental hits you. The fire elemental burns you!
It was a potion of lignification.
You turn into a tree.
Your +1 robe melds into your body.
Your roots penetrate the ground.
You feel strangely stable. The fire elemental barely misses you.
The fire elemental hits you. The fire elemental burns you!
Unknown command.
You hit the fire elemental.
The fire elemental is lightly damaged.
The fire elemental hits you. x2; The fire elemental burns you!
* * * LOW HITPOINT WARNING * * *
It was a potion of mutation.
You feel extremely strange.
You feel stronger.
Your feet thicken and deform.
Iridescent scales grow over part of your body.
The fire elemental hits you. The fire elemental burns you!
* * * LOW HITPOINT WARNING * * *
The fire elemental hits you. The fire elemental burns you!
* * * LOW HITPOINT WARNING * * *
It was a potion of ambrosia.
You are confused.
You feel invigorated. The fire elemental hits you.
The fire elemental burns you!
* * * LOW HITPOINT WARNING * * *
The fire elemental hits you. The fire elemental burns you!
You die...
Your body crumbles into a pile of gold.

,,,,,*,,**,**** **,*,****,,
******#,*#,* *$≈≈≈$**,,* ,*
#.##.* *,≈≈≈,,,*** ,*** *,...#*
*,≈≈≈,**,,* ,,,** *,*#..#*
**,*,****,, **,,***,*#...##
**,** **** **,,,,,**,#..#
*####*,≈,***,,,
*****,**,##.#####...#,≈≈≈,*,***
*,>,,*,*#.EE♣E..#***,≈,**,* *
*,,,,*,*######.## **,***,***
*,,,,,,........# ******,,,
*,,,,*,#######.#* *,****** *
*,,,,*,* #..* *,*,,,,, *
***,**,* #..* ****,*,,,<, *
*,**,* #..#**,,,,,,,,,, *
*,**,******#...,,,**,*,,*** *
*,**,,,,,,,Z..#****,,*,**


You could see 3 fire elementals.

Vanquished Creatures
  2 ice beasts (D:6)
  2 ogres (D:5)
  A kobold brigand (D:10)
  2 bullfrogs
  2 scorpions (D:5)
  A water moccasin zombie (D:6)
  A water moccasin skeleton (D:6)
  A howler monkey (D:4)
  6 wights
  A bullfrog zombie (D:5)
  A hound (D:5)
  A jelly (D:7)
  A bullfrog skeleton (D:6)
  3 orc priests
  2 iguanas
  Natasha (thrice) (D:3)
  3 orc wizards
  2 hound zombies
  2 hound skeletons
  A howler monkey zombie (D:7)
  A howler monkey skeleton (D:5)
  7 gnolls
  11 adders
  4 river rats (Sewer)
  A white imp (D:6)
  An adder skeleton (D:4)
  An adder zombie (D:4)
  2 worms
  4 dart slugs
  14 orcs
  6 bats
  4 endoplasms
  4 giant cockroaches
  3 goblins
  7 hobgoblins
  4 jackals (D:4)
  14 kobolds
  10 quokkas
  11 ball pythons
  17 frilled lizards
  11 rats
175 creatures vanquished.

Vanquished Creatures (others)
  38 foxfires
  6 fungi (D:6)
  8 plants (D:1)
52 creatures vanquished.

Grand Total: 227 creatures vanquished

Notes
Turn   | Place    | Note
-------+----------+-------------------------------------------
     0 | D:1      | Duralumin the Spriggan Cinder Acolyte began the quest for
                  | the Orb.
     0 | D:1      | Reached XP level 1. HP: 11/11 MP: 3/3
   156 | D:1      | Reached skill level 1 in Stealth
   333 | D:1      | Reached XP level 2. HP: 16/16 MP: 5/5
   351 | D:1      | Reached skill level 2 in Stealth
  1077 | D:1      | Reached skill level 3 in Stealth
  1077 | D:1      | Reached XP level 3. HP: 19/19 MP: 6/6
  1524 | D:2      | Reached skill level 4 in Stealth
  1699 | D:2      | Reached XP level 4. HP: 19/23 MP: 7/7
  3035 | D:3      | Noticed Natasha
  3113 | D:3      | Found a faded altar of an unknown god.
  3222 | D:3      | Reached skill level 5 in Stealth
  3394 | D:3      | Killed Natasha
  3395 | D:3      | Reached skill level 5 in Short Blades
  3395 | D:3      | Reached XP level 5. HP: 27/27 MP: 8/8
  3550 | D:3      | Noticed Natasha
  3557 | D:3      | Killed Natasha
  3558 | D:3      | Reached skill level 1 in Throwing
  3674 | D:3      | Noticed Natasha
  3690 | D:3      | Killed Natasha
  4155 | D:4      | Reached skill level 6 in Stealth
  4155 | D:4      | Reached XP level 6. HP: 16/32 MP: 9/9
  4173 | D:4      | Found Hyerhuc's Book Boutique.
  4280 | D:4      | Found a runed translucent gate.
  4280 | D:4      | Found a runed translucent gate.
  4280 | D:4      | Found a runed translucent gate.
  4280 | D:4      | Noticed cccccccc's ghost (amateur OpTm)
  4282 | D:4      | Found a basalt altar of Yredelemnul.
  4381 | D:4      | Found a glowing drain.
  4396 | Sewer    | Entered a sewer
  4735 | D:4      | Reached skill level 7 in Stealth
  4748 | D:4      | Reached XP level 7. HP: 10/35 MP: 10/10
  5301 | D:5      | Entered Level 5 of the Dungeon
  5595 | D:5      | Found a staircase to the Ecumenical Temple.
  6017 | D:5      | Reached skill level 8 in Stealth
  6382 | D:5      | Reached XP level 8. HP: 29/39 MP: 11/11
  6422 | D:5      | Reached skill level 9 in Stealth
  7314 | D:6      | Reached skill level 10 in Stealth
  7469 | D:6      | Learned a level 2 spell: Ensorcelled Hibernation
  7696 | D:6      | Reached skill level 1 in Hexes
  7727 | D:6      | Reached skill level 1 in Ice Magic
  7949 | D:6      | Found a shimmering blue altar of Sif Muna.
  8205 | Temple   | Entered the Ecumenical Temple
  8211 | Temple   | Fell from the grace of Ignis
  8211 | Temple   | Became a worshipper of Gozag Ym Sagoz the Greedy
  8298 | D:7      | You fall into a shaft and drop 3 floors!
  8298 | D:10     | Entered Level 10 of the Dungeon
  8350 | D:10     | Reached skill level 11 in Stealth
  8382 | D:10     | You fall into a shaft and drop 1 floor!
  8535 | D:11     | Gained mutation: Your muscles are strong. (Str +2) [potion
                  | of mutation]
  8535 | D:11     | Gained mutation: You have large cloven feet. [potion of
                  | mutation]
  8535 | D:11     | Gained mutation: You are partially covered in iridescent
                  | scales. (AC +2) [potion of mutation]
  8536 | D:11     | Slain by a fire elemental

Illustrated notes

Levels and vault maps discovered:
D:1:      ncdulo_smallfort, layout_basic, minmay_lizard_king
D:2:      layout_basic
D:3:      layout_loops_ring, chequers_ecumenical_altar_twisty, uniq_natasha
D:4:      layout_cave_pools, nicolae_yredelemnul_ghost_church, serial_shops,
          shop, portal_sewer_entry_d
D:5:      layout_loops_ring, minmay_temple_entry_proselytizer
D:6:      layout_loops_ring, mainiacjoe_overflow_boulevard,
          kennysheep_generic_room_10
D:7:      layout_cave_pools, lemuel_doored_altar, uniq_menkaure, uniq_maggie
D:10:     layout_loops_corners, gammafunk_temple_overflow_elements,
          david_lair_shrubbed, serial_shops, shop, abandoned_shop,
          kennysheep_pointless_box, uniq_snorg
D:11:     nzn_winding_woodlands_three_and_one [nzn_winding_woodlands_5x15_cabin,
          nzn_winding_woodlands_5x15_twine, nzn_winding_woodlands_5x15_zeroes,
          nzn_winding_woodlands_center_triple_pond], layout_rooms, serial_shops,
          nicolae_stop_n_shop_2, nicolae_shop_behind_doors, nicolae_square_shop
Temple:   eino_temple_rhombus

Skill      XL: |  1  2  3  4  5  6  7  8 |
---------------+-------------------------+-----
Stealth        | 1 3 4 5 6 7 8 11 | 11.0
Short Blades   | 4 5 6 7 8 |  8.1
Throwing       | 2 3 4 |  4.0
Hexes          | 2 |  2.7
Spellcasting   | 3 |  3.2
Ice Magic      | 1 |  1.7
Fighting       | |  2.4
Fire Magic     | |  2.4

Action                   |  1- 3 |  4- 6 |  7- 9 || total
-------------------------+-------+-------+-------++-------
Melee: Short sword       |   118 |   224 |   195 ||   537
       Punch             |     2 |     1 |     4 ||     7
Throw: Boomerang         |       |    12 |     4 ||    16
       Dart              |       |       |    26 ||    26
 Cast: Ensorcelled Hiber |       |       |    14 ||    14
Invok: Fiery Armour      |     2 |     4 |     4 ||    10
       Foxfire Swarm     |       |     1 |     1 ||     2
       Rising Flame      |       |       |     1 ||     1
  Use: Scroll            |       |     4 |     6 ||    10
       Potion            |       |       |     6 ||     6
 Stab: Sleeping          |     2 |    17 |    13 ||    32
       Distracted        |     1 |     2 |     1 ||     4
       Invisible         |       |       |     6 ||     6
Armor: Robe              |    13 |    33 |    28 ||    74
       Skin              |       |       |     8 ||     8
Dodge: Dodged            |    69 |   114 |    83 ||   266
